 Dungeon Crawl Stone Soup version 0.24-a0-446-g87df7205b4 (webtiles) character file.

Game seed: 2852290921387915640

77182 nikopol the Eclecticist (level 15, -4/76 HPs)
             Began as a Deep Elf Fire Elementalist on June 24, 2019.
             Was a High Priest of Vehumet.
             Slain by a meliai
             ... wielding a +0 war axe
              (12 damage)
             ... on level 15 of the Dungeon.
             The game lasted 01:32:26 (31960 turns).

nikopol the Eclecticist (DEFE)                     Turns: 31960, Time: 01:32:26

Health: -4/76      AC:  8    Str: 12    XL:     15   Next: 14%
Magic:  34/39      EV: 15    Int: 27    God:    Vehumet [*****.]
Gold:   1278       SH: 11    Dex: 12    Spells: 26/51 levels left

rFire    + + +     SeeInvis .   a - +6 short sword
rCold    . . .     Gourm    .   I - +2 buckler {reflect}
rNeg     . . .     Faith    .   o - +2 robe {MR+}
rPois    +         Spirit   .   x - +0 helmet
rElec    .         Reflect  +   D - +1 cloak of Terror {Str+3}
rCorr    +         Harm     .   r - +0 pair of gloves
MR       ++...                  (no boots)
Stlth    +++.......             k - +4 amulet of reflection
HPRegen  0.22/turn              E - ring "Qauhuoq" {Wiz rPois rF+++ Str+4 Dex-3}
MPRegen  0.26/turn              w - ring of resist corrosion

@: marked
A: no striking features
a: Renounce Religion


You were on level 15 of the Dungeon.
You worshipped Vehumet.
Vehumet was extremely pleased with you.
You were very hungry.

You visited 4 branches of the dungeon, and saw 24 of its levels.

You collected 2405 gold pieces.
You spent 1127 gold pieces at shops.

Inventory:

Hand Weapons
 a - a +6 short sword (weapon)
Armour
 o - a +2 robe of magic resistance (worn)
 r - a +0 pair of gloves (worn)
 x - a +0 helmet (worn)
 D - the +1 cloak of Terror (worn) {Str+3}
   (You found it on level 5 of the Lair of Beasts)

   It affects your strength (+3).
 I - a +2 buckler of reflection (worn)
Jewellery
 k - a +4 amulet of reflection (around neck)
 p - an uncursed ring of see invisible
 v - an uncursed ring of protection from magic {unknown}
 w - a ring of resist corrosion (right hand)
 C - an uncursed amulet of the gourmand
 E - the ring "Qauhuoq" (left hand) {Wiz rPois rF+++ Str+4 Dex-3}
   (You bought it in a shop on level 8 of the Dungeon)

   [ring of wizardry]

   It improves your spell success rate.
   It affects your strength (+4).
   It affects your dexterity (-3).
   It renders you almost immune to fire.
   It protects you from poison.
 O - a cursed amulet of inaccuracy {unknown}
 P - an uncursed ring of positive energy
Wands
 s - a wand of enslavement (6)
 B - a wand of iceblast (8)
 G - a wand of acid (18)
 J - a wand of digging (2)
 L - a wand of random effects (52)
 M - a wand of flame (10)
 Q - a wand of clouds (13)
Scrolls
 j - a scroll of brand weapon {unknown}
 m - 7 scrolls of remove curse
 n - 3 scrolls of immolation
 t - 5 scrolls of enchant weapon
 u - 3 scrolls of teleportation
 y - a scroll of noise {unknown}
 A - 3 scrolls of amnesia
 K - 3 scrolls of magic mapping {unknown}
 N - 8 scrolls of identify
 R - a scroll of acquirement {unknown}
 S - 2 scrolls of fear {unknown}
 T - a scroll of silence {unknown}
 U - a scroll of blinking {unknown}
Potions
 b - 3 potions of magic
 d - 2 potions of might
 e - 4 potions of brilliance
 f - 5 potions of flight
 g - 6 potions of cancellation
 h - a potion of resistance
 i - a potion of agility
 l - a potion of invisibility
 q - 6 potions of curing
 z - 5 potions of heal wounds
 F - 3 potions of lignification
 H - 5 potions of mutation
Comestibles
 c - 39 rations


   Skills:
 + Level 2.2 Fighting
 + Level 7.0 Dodging
 + Level 5.2 Stealth
 + Level 7.0 Shields
 + Level 18.9 Spellcasting
 + Level 14.7 Conjurations
 + Level 14.9 Fire Magic
 + Level 0.2 Evocations


You had 26 spell levels left.
You knew the following spells:

 Your Spells              Type           Power        Failure   Level  Hunger
a - Flame Tongue          Conj/Fire      #####        0%          1    None
b - Throw Flame           Conj/Fire      ######       0%          2    None
c - Conjure Flame         Conj/Fire      #######.     0%          3    None
d - Sticky Flame          Conj/Fire      #######.     1%          4    None
e - Fireball              Conj/Fire      #######...   1%          5    None
f - Airstrike             Air            ####......   2%          4    None
g - Bolt of Fire          Conj/Fire      #######...   1%          6    ##.....

Your spell library contained the following spells:

 Spells                   Type           Power        Failure   Level  Hunger
 Animate Skeleton         Necr           N/A          1%          1    None
 Apportation              Tloc           ####..       1%          1    None
 Corona                   Hex            ####...      1%          1    None
 Infusion                 Chrm           ####         1%          1    None
 Pain                     Necr           ####         1%          1    None
 Sandblast                Erth           ####..       1%          1    None
 Summon Butterflies       Summ           ####....     1%          1    None
 Passwall                 Tmut/Erth      ####....     1%          2    None
 Shroud of Golubria       Chrm/Tloc      ####..       1%          2    None
 Slow                     Hex            ####....     1%          2    None
 Song of Slaying          Chrm           ####....     1%          2    None
 Inner Flame              Hex/Fire       ######..     1%          3    None
 Stone Arrow              Conj/Erth      ######       1%          3    None
 Lesser Beckoning         Tloc           ####......   2%          3    None
 Portal Projectile        Hex/Tloc       ####..       2%          3    None
 Regeneration             Chrm/Necr      ####......   2%          3    None
 Spectral Weapon          Hex/Chrm       ####....     2%          3    None
 Tukima's Dance           Hex            ####....     2%          3    None
 Vampiric Draining        Necr           ####......   2%          3    None
 Lee's Rapid Deconstruct  Erth           ####......   5%          5    None
 Animate Dead             Necr           N/A          7%          4    None
 Cause Fear               Hex            ####......   7%          4    None
 Leda's Liquefaction      Hex/Erth       ####......   7%          4    None
 Petrify                  Tmut/Erth      ####....     7%          4    None
 Alistair's Intoxication  Tmut/Pois      ####....     19%         5    None
 Invisibility             Hex            ####....     69%         6    ##.....


Dungeon Overview and Level Annotations

Branches:
Dungeon (15/15)            Temple (1/1) D:6            Lair (6/6) D:10
 Shoals (0/4) Lair:4       Spider (0/4) Lair:4        Slime (0/5) Lair:5
    Orc (2/2) D:9          Vaults (0/5) D:14
    Elf: Orc:2       Depths: D:15

Altars:
Ashenzari
Cheibriados
Dithmenos
Elyvilon
Fedhas
Gozag
Hepliaklqana
Kikubaaqudgha
Makhleb
Nemelex Xobeh
Okawaru
Qazlal
Ru
Sif Muna
Trog
Uskayaw
Vehumet
Wu Jian
Xom
Yredelemnul
Zin
The Shining One
Beogh

Shops:
D:5 (   D:8 =   D:10 [   D:11 *   D:13 (

Annotations:
Lair:2 2 transporters


Message History

Aiming: Sticky Flame (safe; 1% risk of failure)
Press: ? - help, Shift-Dir - straight line, f - you
Okay, then.
Casting: Sticky Flame (safe; 1% risk of failure)
Confirm with . or Enter, or press ? or * to list all spells.
Aiming: Fireball (safe; 1% risk of failure)
Press: ? - help, Shift-Dir - straight line The fireball explodes!
The fireball engulfs the troll!!
The troll is almost dead.
The fireball engulfs something!
Something barely misses you. Something hits you! Something hits you.
Something hits you! You block the meliai's attack.
The meliai completely misses you.
The meliai mumbles some strange prayers to its god against you.
Something smites you!
* * * LOW HITPOINT WARNING * * *
Something hits you but does no damage.
The bullfrog snags a nearby spider with its tongue.
The meliai hits you with a +0 war axe!
You die...

..................
.................
................# ...
................#
..............y.....#
..##.# . ....
#......##...#...#...
.. ...
#..y..............8.
...##.#
#.Ty...#.##.....#...
.......###..@...###
.###.##..
..............#..# #
.#..
............###..# #.
........##.## .### #.
......[..### # #.
.........# #..
.........# #c.
#........# ...
#....##..# ..8.


You could see a troll and 3 meliai.

Vanquished Creatures
  Kirke (D:12)
  A dire elephant (Lair:6)
  An ettin (Orc:1)
  8 vault guards (D:14)
  8 hydras
  4 catoblepae
  3 centaur warriors
  5 two-headed ogres
  2 death knights
  8 death yaks
  Sonja (Lair:2)
  An unseen horror (D:10)
  3 oklob plants (Lair:5)
  6 ugly things
  2 cyclopes
  3 manticores
  2 elephants (Lair:6)
  A guardian serpent (D:13)
  4 black mambas
  13 spiny frogs
  3 gargoyles
  2 torpor snails (Lair:6)
  2 centaur skeletons
  3 yaktaurs (D:14)
  3 rime drakes
  9 komodo dragons
  A tengu conjurer (D:12)
  3 meliai
  3 trolls
  4 jumping spiders (Lair:4)
  A polar bear (Lair:3)
  11 hippogriffs
  6 slime creatures
  11 blink frogs
  8 dream sheep
  A hippogriff (shapeshifter) (D:14)
  A centaur simulacrum (D:14)
  3 wraiths
  A shadow (D:15)
  Sigmund (D:3)
  2 vampires (D:14)
  4 redbacks (Lair:4)
  A wyvern (D:12)
  37 yaks
  A hog (D:12)
  3 hungry ghosts
  6 basilisks
  4 acid dragons
  Duvessa (D:7)
  A warg (Orc:1)
  8 water moccasins
  10 porcupines
  16 orc warriors
  2 ice beasts
  A phantom (D:10)
  6 black bears
  13 ogres
  2 sky beasts
  7 wolves (Lair:6)
  10 centaurs
  11 crocodiles
  A big kobold (D:12)
  Blork the orc (D:6)
  13 bullfrogs
  2 wyvern zombies
  A gnoll sergeant (Orc:2)
  Dowan (D:7)
  8 wights
  5 killer bees (D:11)
  A howler monkey (D:9)
  A bullfrog zombie (D:6)
  3 centaur zombies
  17 orc priests
  2 bullfrog skeletons
  6 hounds
  8 jellies
  Crazy Yiuf (D:6)
  6 iguanas
  11 hell rats
  20 orc wizards
  11 worker ants
  A hound zombie (D:5)
  2 hound skeletons
  A worker ant zombie (D:8)
  9 adders
  6 gnolls
  3 river rats (Lair:1)
  2 shadow imps
  18 oozes
  2 adder zombies
  3 worms
  2 dart slugs
  5 leopard geckos
  64 orcs
  6 giant cockroaches
  10 goblins
  7 hobgoblins
  13 jackals
  20 kobolds
  11 quokkas
  2 ball pythons
  8 bats
  6 frilled lizards
  A jackal skeleton (D:4)
  A jackal zombie (D:6)
  A leopard gecko skeleton (D:6)
  A quokka skeleton (D:5)
  14 rats
  4 fungi
642 creatures vanquished.

Vanquished Creatures (others)
  An orc (D:13)
  6 fungi
  3 plants
10 creatures vanquished.

Grand Total: 652 creatures vanquished

Notes
Turn   | Place    | Note
-------+----------+-------------------------------------------
     0 | D:1      | nikopol the Deep Elf Fire Elementalist began the quest for
                  | the Orb.
     0 | D:1      | Reached XP level 1. HP: 10/10 MP: 6/6
   208 | D:1      | Reached XP level 2. HP: 12/15 MP: 6/8
   694 | D:2      | Reached XP level 3. HP: 19/19 MP: 2/10
   947 | D:2      | Reached skill level 4 in Spellcasting
  1658 | D:2      | Reached XP level 4. HP: 24/24 MP: 9/12
  1785 | D:2      | Found an opulent altar of Gozag.
  1918 | D:3      | Learned a level 2 spell: Throw Flame
  1922 | D:3      | Learned a level 3 spell: Conjure Flame
  2144 | D:3      | Reached skill level 5 in Spellcasting
  2197 | D:3      | Noticed Sigmund
  2211 | D:3      | HP: 1/24 [Sigmund/magic dart (5)]
  2214 | D:3      | Killed Sigmund
  2214 | D:3      | Reached XP level 5. HP: 1/28 MP: 3/15
  2214 | D:3      | Reached XP level 6. HP: 2/32 MP: 3/16
  3213 | D:3      | Learned a level 4 spell: Sticky Flame
  3840 | D:4      | Reached skill level 6 in Spellcasting
  4080 | D:4      | Found an ancient bone altar of Kikubaaqudgha.
  4080 | D:4      | Found a blossoming altar of Fedhas.
  4111 | D:4      | Reached skill level 5 in Fire Magic
  4254 | D:4      | Reached XP level 7. HP: 36/36 MP: 14/18
  4415 | D:4      | Reached skill level 7 in Spellcasting
  5124 | D:5      | Entered Level 5 of the Dungeon
  5220 | D:5      | Found Pateuses's Antique Weapon Shop.
  5950 | D:6      | Found a stormy altar of Qazlal.
  5973 | D:6      | Reached skill level 5 in Conjurations
  5975 | D:6      | Reached XP level 8. HP: 42/42 MP: 12/21
  6030 | D:6      | Learned a level 5 spell: Fireball
  6232 | D:6      | Noticed Blork the orc
  6372 | D:6      | Reached skill level 1 in Fighting
  6438 | D:6      | Reached skill level 8 in Spellcasting
  6678 | D:6      | Found a runed translucent door.
  6679 | D:6      | Noticed Crazy Yiuf
  6688 | D:6      | Killed Crazy Yiuf
  6812 | D:6      | Found a staircase to the Ecumenical Temple.
  6826 | Temple   | Entered the Ecumenical Temple
  6895 | Temple   | Became a worshipper of Vehumet
  7415 | D:6      | Killed Blork the orc
  7426 | D:6      | Reached skill level 9 in Spellcasting
  7549 | D:6      | Found a burning altar of Makhleb.
  7736 | D:7      | Noticed Dowan
  7787 | D:7      | Found a sparkling altar of Nemelex Xobeh.
  7934 | D:7      | Reached XP level 9. HP: 28/47 MP: 13/24
  8336 | D:7      | Noticed Duvessa
  8351 | D:7      | Killed Duvessa
  8354 | D:7      | Killed Dowan
  8762 | D:8      | Noticed a two-headed ogre
  8827 | D:8      | Found a snail-covered altar of Cheibriados.
  8942 | D:8      | Found Davygoef's Jewellery Shop.
  9072 | D:8      | Killed a two-headed ogre
  9072 | D:8      | Reached * piety under Vehumet
  9072 | D:8      | Offered knowledge of Sting by Vehumet.
  9072 | D:8      | Reached skill level 10 in Spellcasting
  9722 | D:8      | Reached skill level 5 in Dodging
  9950 | D:9      | Reached XP level 10. HP: 42/52 MP: 7/26
 10305 | D:9      | Noticed a death knight
 10315 | D:9      | Reached skill level 11 in Spellcasting
 10559 | D:9      | Killed a death knight
 10967 | D:9      | Reached ** piety under Vehumet
 10967 | D:9      | Offered knowledge of Throw Frost by Vehumet.
 11423 | D:9      | Found a staircase to the Orcish Mines.
 11496 | D:10     | Entered Level 10 of the Dungeon
 11496 | D:10     | Noticed an unseen horror
 11501 | D:10     | Killed an unseen horror
 11501 | D:10     | Reached skill level 12 in Spellcasting
 11698 | D:10     | Found Sawnycvi's Armour Boutique.
 11723 | D:10     | Reached skill level 5 in Stealth
 11835 | D:10     | Bought a +0 buckler of reflection for 110 gold pieces
 11855 | D:10     | Found a staircase to the Lair.
 11881 | D:10     | Reached skill level 10 in Fire Magic
 12105 | Lair:1   | Entered Level 1 of the Lair of Beasts
 12125 | Lair:1   | Offered knowledge of Searing Ray by Vehumet.
 12424 | Lair:1   | Reached XP level 11. HP: 57/57 MP: 19/29
 12576 | Lair:1   | Reached *** piety under Vehumet
 12584 | Lair:1   | Reached skill level 13 in Spellcasting
 12676 | Lair:1   | Reached skill level 1 in Shields
 12693 | Lair:1   | Reached skill level 10 in Conjurations
 13131 | Lair:1   | Noticed a seven-headed hydra
 13135 | Lair:1   | Killed a seven-headed hydra
 13369 | Lair:1   | Offered knowledge of Airstrike by Vehumet.
 13375 | Lair:1   | Learned a level 4 spell: Airstrike
 13904 | Lair:2   | Found a transporter.
 14214 | Lair:2   | Noticed Sonja
 14226 | Lair:2   | Killed Sonja
 14241 | Lair:1   | Reached skill level 14 in Spellcasting
 14478 | Lair:2   | Noticed a catoblepas
 14484 | Lair:2   | Killed a catoblepas
 14768 | Lair:2   | Noticed a six-headed hydra
 14772 | Lair:2   | Killed a six-headed hydra
 15000 | Lair:2   | Found a transporter.
 15301 | Lair:2   | Reached XP level 12. HP: 62/62 MP: 27/32
 16463 | Lair:4   | Noticed a death yak
 16463 | Lair:4   | Noticed a death yak
 16464 | Lair:4   | Noticed a death yak
 16465 | Lair:4   | Noticed a death yak
 16467 | Lair:4   | Noticed a death yak
 16469 | Lair:4   | Killed a death yak
 16654 | Lair:4   | Killed a death yak
 16804 | Lair:4   | Killed a death yak
 16807 | Lair:3   | Killed a death yak
 16807 | Lair:3   | Reached **** piety under Vehumet
 16807 | Lair:3   | Reached skill level 15 in Spellcasting
 16969 | Lair:4   | Killed a death yak
 17036 | Lair:4   | Found a staircase to the Shoals.
 17340 | Lair:4   | Reached skill level 5 in Shields
 17342 | Lair:4   | Offered knowledge of Mephitic Cloud by Vehumet.
 17610 | Lair:4   | Found a hole to the Spider Nest.
 17628 | Lair:4   | You fall into a shaft and drop 2 floors!
 17628 | Lair:6   | Entered Level 6 of the Lair of Beasts
 17790 | Lair:6   | Noticed a four-headed hydra
 17801 | Lair:6   | Killed a four-headed hydra
 18215 | Lair:5   | Reached XP level 13. HP: 66/66 MP: 31/34
 18221 | Lair:6   | Reached skill level 16 in Spellcasting
 19447 | Lair:5   | Reached ***** piety under Vehumet
 19447 | Lair:5   | Offered knowledge of Irradiate by Vehumet.
 20041 | Lair:5   | Got a jewelled cloak
 20052 | Lair:5   | Identified the +1 cloak of Terror {Str+3} (You found it on
                  | level 5 of the Lair of Beasts)
 21101 | Lair:5   | Found a staircase to the Slime Pits.
 22750 | Lair:6   | Reached skill level 17 in Spellcasting
 23261 | Lair:6   | Noticed a dire elephant
 23618 | Lair:6   | Reached XP level 14. HP: 51/71 MP: 30/37
 24202 | Orc:1    | Entered Level 1 of the Orcish Mines
 24708 | Orc:2    | Entered Level 2 of the Orcish Mines
 25037 | Orc:2    | Found a roughly hewn altar of Beogh.
 25037 | Orc:2    | Noticed a stone giant
 25042 | Orc:1    | HP: 2/72 [warg (10)]
 25450 | D:11     | Offered knowledge of Spellforged Servitor by Vehumet.
 25717 | D:11     | Found Xiciyvif's General Store.
 25813 | D:8      | Bought the ring "Qauhuoq" {Wiz rPois rF+++ Str+4 Dex-3} for
                  | 1017 gold pieces
 27718 | D:12     | Noticed Kirke
 27724 | D:12     | Killed Kirke
 27978 | D:12     | Reached skill level 18 in Spellcasting
 28974 | D:13     | Found Dononnul's Weapon Shop.
 30691 | D:14     | Found a gate to the Vaults.
 30710 | D:14     | Reached XP level 15. HP: 76/76 MP: 26/39
 31077 | D:14     | Offered knowledge of Bolt of Fire by Vehumet.
 31090 | D:14     | Learned a level 6 spell: Bolt of Fire
 31466 | D:15     | Entered Level 15 of the Dungeon
 31960 | D:15     | Slain by a meliai

Levels and vault maps discovered:
D:1:      scummos_arrival_simple_crosswalls, layout_rooms,
          kennysheep_another_room, minmay_octomino_j4
D:2:      layout_rooms, grunt_gozag_breadcrumbs
D:3:      layout_loops_corners, uniq_sigmund
D:4:      layout_basic, grunt_temple_overflow_growth_and_decay,
          minmay_misc_feat_ornament
D:5:      layout_rooms, first_ration, serial_shops, shop
D:6:      layout_loops_corners, nicolae_qazlal_eye_of_the_storm, bloody_makhleb,
          minmay_temple_entry_slanted, uniq_blork_the_orc,
          uniq_crazy_yiuf_cottage
D:7:      layout_gridville, chequers_serial_rivers_micro_a,
          nemelex_xobeh_ov_fountains_minmay, uniq_duvessa
D:8:      layout_gridville, lemuel_crystal_altar, serial_shops, kennysheep_mini
D:9:      layout_cave_pools, david_orc_4
D:10:     layout_roguey, lair_entry_dummy, serial_shops, shop
D:11:     layout_loops_corners, serial_shops, shop
D:12:     layout_stronghold, grunt_ogre_cave, uniq_kirke
D:13:     layout_cave_pools, serial_shops, shop, fake_guardian_serpent_vault
D:14:     layout_roguey, erik_vaults_2, dk_noncrumbling_2
D:15:     hangedman_depths_entry_try_elsewhere_first, layout_cave_pools,
          serial_shops, shop_statue, minmay_misc_feat_nine_boxes,
          minmay_misc_feat_rugged, grunt_ministairs_13
Temple:   eino_temple_rhombus
Lair:1:   layout_cave_pods, kennysheep_abandoned_house, grunt_megastairs_1
Lair:2:   gammafunk_cloud_chamber, layout_hall_layers, uniq_sonja
Lair:3:   layout_misc_corridors, minmay_stone_trees_medium,
          serial_bayou_shore_b, infiniplex_staircase_pool
Lair:4:   layout_regular_city, shoals_dummy_entry,
          nicolae_spider_entry_tight_spaces, wad_woods_road_05,
          serial_bayou_shore_a
Lair:5:   lemuel_slime, layout_regular_city, minmay_slime_entry_oklob_enclosed,
          gauntlet_entry_generic
Lair:6:   hangedman_lair_in_review, layout_regular_city, serial_bayou_shore_b,
          serial_bayou_shore_b, grunt_megastairs_2
Orc:1:    layout_caves, nicolae_orc_crystal_geode
Orc:2:    st_orc_open, layout_caves, basic_altar

Skill      XL: |  1  2  3  4  5  6  7  8  9 10 11 12 13 14 |
---------------+-------------------------------------------+-----
Spellcasting   | 4 5 6 7 9 10 12 14 15 17 18 | 18.9
Fire Magic     | 4 5 6 7 8 10 11 12 13 14 | 14.9
Conjurations   | 2 3 5 6 8 9 11 12 13 14 | 14.7
Dodging        | 3 4 5 6 7 |  7.0
Stealth        | 3 4 5 |  5.2
Fighting       | 1 2 |  2.2
Shields        | 3 5 6 7 |  7.0
Evocations     | |  0.2

Action                   |  1- 3 |  4- 6 |  7- 9 | 10-12 | 13-15 || total
-------------------------+-------+-------+-------+-------+-------++-------
Melee: Dagger            |     1 |       |    12 |       |       ||    13
       Short sword       |       |       |       |       |     4 ||     4
 Cast: Flame Tongue      |    91 |   108 |   208 |   283 |   364 ||  1054
       Conjure Flame     |       |     4 |     4 |     2 |     8 ||    18
       Throw Flame       |       |     6 |    15 |    28 |    22 ||    71
       Sticky Flame      |       |       |    42 |    56 |   109 ||   207
       Fireball          |       |       |     3 |   104 |   211 ||   318
       Bolt of Fire      |       |       |       |       |    11 ||    11
Evoke: Wand              |       |       |       |       |     7 ||     7
  Use: Scroll            |       |       |       |    17 |     7 ||    24
       Potion            |       |       |       |       |     1 ||     1
  Eat: Chunk             |     2 |     8 |    12 |    23 |    32 ||    77
       Ration            |       |       |     2 |     2 |     3 ||     7
Armor: Robe              |    17 |     2 |    16 |    17 |    37 ||    89
Dodge: Dodged            |    34 |     9 |    44 |    61 |   120 ||   268
Block: Other             |       |       |    17 |     2 |       ||    19
       Buckler           |       |       |       |    30 |   120 ||   150
       Reflection        |       |       |       |     1 |    11 ||    12

Table legend:
 A = Non-vault XP
 B = Vault XP
 C = Vault XP percentage of total XP
 D = Non-vault monster count
 E = Vault monster count
 F = Vault count percentage of total count
                 A         B        C        D         E       F
            +---------+---------+-------+---------+---------+-------
      Total |   80450 |   29810 |  27.0 |     528 |     111 |  17.4
            +---------+---------+-------+---------+---------+-------
        D:1 |      54 |       3 |   5.3 |      23 |       2 |   8.0
        D:2 |      42 |       0 |   0.0 |      28 |       0 |   0.0
        D:3 |     146 |     212 |  59.2 |      30 |       1 |   3.2
        D:4 |     599 |       0 |   0.0 |      29 |       0 |   0.0
        D:5 |     161 |       0 |   0.0 |       8 |       0 |   0.0
        D:6 |    1221 |     135 |  10.0 |      30 |       2 |   6.2
        D:7 |     373 |     240 |  39.2 |      13 |       2 |  13.3
        D:8 |    2058 |       0 |   0.0 |      24 |       0 |   0.0
        D:9 |    2040 |     845 |  29.3 |      32 |      20 |  38.5
       D:10 |    2380 |       0 |   0.0 |      17 |       0 |   0.0
       D:11 |    6006 |       0 |   0.0 |      33 |       0 |   0.0
       D:12 |    6442 |    2430 |  27.4 |      34 |       3 |   8.1
       D:13 |    6172 |     478 |   7.2 |      33 |       1 |   2.9
       D:14 |   10308 |    7894 |  43.4 |      29 |       8 |  21.6
       D:15 |     413 |     136 |  24.8 |       3 |       1 |  25.0
     Lair:1 |    5176 |     586 |  10.2 |      21 |      15 |  41.7
     Lair:2 |    5341 |     782 |  12.8 |      18 |       1 |   5.3
     Lair:3 |    4756 |       0 |   0.0 |      16 |       0 |   0.0
     Lair:4 |    6292 |    2080 |  24.8 |      15 |       8 |  34.8
     Lair:5 |    8227 |    1949 |  19.2 |      24 |      23 |  48.9
     Lair:6 |    9342 |   11919 |  56.1 |      43 |      23 |  34.8
      Orc:1 |    2517 |       0 |   0.0 |      15 |       0 |   0.0
      Orc:2 |     384 |     121 |  24.0 |      10 |       1 |   9.1
            +---------+---------+-------+---------+---------+-------
